 Dungeon Crawl Stone Soup version 0.29-a0-284-gf9362112df (webtiles) character file.

Game seed: 15401234241898328380

56 jisko22 the Magician (level 3, -3/19 HPs)
             Began as a Deep Elf Hedge Wizard on Mar 30, 2022.
             Slain by a gnoll
             ... wielding a +0 vorpal flail
              (6 damage)
             ... on level 1 of the Dungeon.
             The game lasted 00:07:05 (3197 turns).

jisko22 the Magician (Deep Elf Hedge Wizard)        Turns: 3197, Time: 00:07:05

Health: -3/19      AC:  3    Str:  7    XL:     3   Next: 71%
Magic:  2/12       EV: 17    Int: 20    God:
Gold:   87         SH:  0    Dex: 14    Spells: 3/13 levels left

rFire   . . .      SeeInvis .   a - +0 dagger
rCold   . . .      Faith    .   (no shield)
rNeg    . . .      Spirit   .   b - +0 robe
rPois   .          Reflect  .   c - +0 hat
rElec   .          Harm     .   m - +0 cloak
rCorr   .          Rampage  .   (no gloves)
Will    .....                   (no boots)
Stlth   ++........              (no amulet)
HPRegen 0.06/turn               k - +4 ring of evasion
MPRegen 0.13/turn               (no ring)

@: very slightly contaminated
A: no striking features
a: no special abilities


You were on level 1 of the Dungeon.
You visited 1 branch of the dungeon, and saw 2 of its levels.

You collected 87 gold pieces.

Inventory:

Hand Weapons
 a - a +0 dagger (weapon)
 e - a +0 whip
Missiles
 g - 23 stones
 n - a throwing net
Armour
 b - a +0 robe (worn)
 c - a +0 hat (worn)
 m - a +0 cloak (worn)
Jewellery
 k - a +4 ring of evasion (left hand)
Scrolls
 f - 2 scrolls of identify {unknown}
 h - a scroll of fear {unknown}
 i - a scroll of amnesia {unknown}
 j - a scroll of noise {unknown}
 l - a scroll of immolation {unknown}
Potions
 d - a potion of magic


   Skills:
 + Level 3.1 Dodging
 + Level 3.0 Stealth
 + Level 5.5 Spellcasting
 * Level 1.6 Conjurations
 - Level 1.1 Summonings
 - Level 1.1 Translocations
 + Level 0.1 Air Magic
 + Level 0.3 Poison Magic


You had 3 spell levels left.
You knew the following spells:

 Your Spells              Type           Power      Damage    Failure   Level
a - Magic Dart            Conj           44%        1d5       6%          1
b - Blink                 Tloc           18%        N/A       11%         2
c - Call Imp              Summ           9%         N/A       11%         2
d - Ensorcelled Hibernat  Hex/Ice        10%        N/A       17%         2
e - Mephitic Cloud        Conj/Pois/Air  8%         N/A       26%         3

Your spell library contained the following spells:

 Spells                   Type           Power      Damage    Failure   Level
 Slow                     Hex            20%        N/A       11%         1
 Conjure Flame            Conj/Fire      8%         6-21      24%         3
 Spider Form              Tmut/Pois      6%         N/A       30%         3
 Anguish                  Hex/Necr       2%         N/A       73%         4


Dungeon Overview and Level Annotations

Branches:
Dungeon (2/15)

Altars:


Message History

Aiming: Ensorcelled Hibernation (safe; 17% risk of failure)
Press: ? - help, Shift-Dir - straight line, f/p - adder
Aim: an adder (chance to affect: 48%)
The adder resists with some effort.
You feel sick. The adder bites you but does no damage.
The adder completely misses you.
Casting: Ensorcelled Hibernation (safe; 17% risk of failure)
Confirm with . or Enter, or press ? or * to list all spells.
Aiming: Ensorcelled Hibernation (safe; 17% risk of failure)
Press: ? - help, Shift-Dir - straight line, f/p - adder
Aim: an adder (chance to affect: 48%)
The adder resists with some effort.
You feel sick. The adder closely misses you.
Unknown command.
Casting: Ensorcelled Hibernation (safe; 17% risk of failure)
Confirm with . or Enter, or press ? or * to list all spells.
Aiming: Ensorcelled Hibernation (safe; 17% risk of failure)
Press: ? - help, Shift-Dir - straight line, f/p - adder
Aim: an adder (chance to affect: 48%)
The adder looks drowsy...
You feel sick.
You feel sick.
You are no longer poisoned.
The gnoll shouts!
There is a stone staircase leading up here.
The gnoll misses you.
You climb upwards.
There is a stone staircase leading down here.
Casting: Ensorcelled Hibernation (safe; 17% risk of failure)
Confirm with . or Enter, or press ? or * to list all spells.
You miscast Call Imp.
You are very lightly contaminated with residual magic.
Nothing appears to happen.
The gnoll misses you.
Casting: Call Imp (safe; 11% risk of failure)
Confirm with . or Enter, or press ? or * to list all spells.
Aiming: Ensorcelled Hibernation (safe; 17% risk of failure)
Press: ? - help, Shift-Dir - straight line, f - gnoll
Aim: a gnoll, wielding a +0 vorpal flail and wearing a +0 robe (chance to affect: 48%)
The gnoll resists with some effort.
The gnoll barely misses you. The gnoll attacks as you move away!
The gnoll hits you with a +0 vorpal flail.
You die...

#####.#.#####.#######
....................#
.####....)..#.##.##.#############
.#............##.##..............
...###...###..##.##.############.
...#G#...#G#..##.##.# ♣≈.
.#.###...###........# ♣≈.
...................## ##♣♣≈.
#......_......##@#.# #≈♣≈≈.
..............##g#.# ♣♣≈≈≈.
#..###...###.....#.# ♣≈P≈≈.
#..#G#...#G#...###.# ♣≈≈≈..
...###...###...###.# ♣≈≈≈..
##.................# ♣♣≈≈..
.....###)#####.##### ♣≈≈...
####.###.#####.# ♣≈P≈..
#..............# ♣≈≈≈..


You could see a gnoll.

Vanquished Creatures
  2 gnolls
  2 bats
  7 endoplasms
  2 giant cockroaches (D:1)
  5 goblins
  2 hobgoblins (D:1)
  4 frilled lizards
  5 kobolds
  4 rats (D:1)
33 creatures vanquished.

Vanquished Creatures (others)
  2 plants (D:1)
2 creatures vanquished.

Grand Total: 35 creatures vanquished

Notes
Turn   | Place    | Note
-------+----------+-------------------------------------------
     0 | D:1      | jisko22 the Deep Elf Hedge Wizard began the quest for the
                  | Orb.
     0 | D:1      | Reached XP level 1. HP: 10/10 MP: 7/7
   536 | D:1      | Reached XP level 2. HP: 15/15 MP: 6/9
   692 | D:1      | Reached skill level 5 in Spellcasting
   730 | D:1      | Learned a level 2 spell: Blink
   733 | D:1      | Learned a level 2 spell: Call Imp
   736 | D:1      | Learned a level 2 spell: Ensorcelled Hibernation
  1585 | D:1      | Reached XP level 3. HP: 19/19 MP: 9/11
  1966 | D:1      | Found a faded altar of an unknown god.
  1967 | D:1      | Noticed a golden eye
  1974 | D:1      | Noticed a shining eye
  1997 | D:1      | Noticed a floating eye
  2180 | D:1      | Noticed a floating eye
  2209 | D:1      | Learned a level 3 spell: Mephitic Cloud
  3197 | D:1      | Slain by a gnoll

Illustrated notes

Levels and vault maps discovered:
D:1:      dpeg_arrival_refuge, layout_loops_cross,
          hellmonk_ecumenical_altar_watching_god, serial_bayou_ford_a
D:2:      layout_rooms

Skill      XL: |  1  2  3 |
---------------+----------+-----
Spellcasting   | 5 |  5.5
Dodging        | 3 |  3.1
Stealth        | 3 |  3.0
Conjurations   | |  1.6
Summonings     | |  1.1
Translocations | |  1.1
Air Magic      | |  0.1
Poison Magic   | |  0.3

Action                   || total
-------------------------++-------
Melee: Dagger            ||     6
 Cast: Magic Dart        ||    85
       Ensorcelled Hiber ||     6
       Blink             ||     2
       Call Imp          ||     1
 Stab: Sleeping          ||     1
Armor: Robe              ||     1
Dodge: Dodged            ||    38

Table legend: (Time is in decaauts)
 A = Elapsed time spent in this place.
 B = Non-inter-level travel time spent in this place.
 C = Inter-level travel time spent in this place.
 D = Time resting spent in this place.
 E = Time spent auto-exploring this place.
 F = Levels seen in this place.
 G = Mean time per level.
                   A        B        C        D        E       F      G
               +--------+--------+--------+--------+--------+-----+--------+
         Total |   3204 |   3111 |     93 |   1884 |    891 |   2 | 1602.0 |
       Dungeon |   3204 |   3111 |     93 |   1884 |    891 |   2 | 1602.0 |
               +--------+--------+--------+--------+--------+-----+--------+

Top non-repeatable levels by time:
     D:1: 2845 daAuts
     D:2: 359 daAuts
